 Dungeon Crawl Stone Soup version 0.24.0-13-gcf9b319 (webtiles) character file.

Game seed: 7279284313700602537, levelgen mode: deterministic

140 Fang the Shield-Bearer (level 5, -3/33 HPs)
             Began as a Gargoyle Fighter on Dec 9, 2019.
             Slain by an ogre
             ... wielding a +0 giant club
              (18 damage)
             ... on level 4 of the Dungeon.
             The game lasted 00:03:57 (2106 turns).

Fang the Shield-Bearer (Gargoyle Fighter)           Turns: 2106, Time: 00:03:57

Health: -3/33      AC: 13    Str: 21    XL:     5   Next: 22%
Magic:  5/5        EV:  3    Int:  8    God:
Gold:   149        SH: 14    Dex:  9    Spells: 4/4 levels left

rFire    . . .     SeeInvis .   a - +0 war axe
rCold    . . .     Gourm    .   B - +0 large shield
rNeg     + . .     Faith    .   b - +0 chain mail
rPois    ∞         Spirit   .   (no helmet)
rElec    +         Reflect  .   (no cloak)
rCorr    .         Harm     .   (no gloves)
MR       .....                  (no boots)
Stlth    ..........             (no amulet)
HPRegen  0.11/turn              i - ring of attention (curse)
MPRegen  0.09/turn              (no ring)

@: no status effects
A: negative energy resistance 1, electricity resistance, unbreathing,
petrification resistance, rot immunity, AC +4
a: no special abilities


You were on level 4 of the Dungeon.
You were not hungry.

You visited 1 branch of the dungeon, and saw 4 of its levels.

You collected 149 gold pieces.

Inventory:

Hand Weapons
 a - a +0 war axe (weapon)
Armour
 b - a +0 chain mail (worn)
 B - a +0 large shield (worn)
Jewellery
 f - a +2 ring of intelligence {unknown}
 i - a cursed ring of attention (left hand)
Scrolls
 e - a scroll of fog {unknown}
 g - 3 scrolls of enchant armour {unknown}
 h - 2 scrolls of magic mapping {unknown}
 k - a scroll of enchant weapon {unknown}
 l - 2 scrolls of amnesia {unknown}
 n - 2 scrolls of identify {unknown}
 o - a scroll of fear {unknown}
 p - 2 scrolls of teleportation {unknown}
Potions
 d - a potion of might
 m - a potion of resistance {unknown}
Comestibles
 c - 5 rations
 j - 2 chunks of flesh


   Skills:
 + Level 4.2 Fighting
 + Level 2.8 Axes
 + Level 4.2 Armour
 + Level 4.2 Shields


You had 4 spell levels left.
You didn't know any spells.
Your spell library was empty.

Dungeon Overview and Level Annotations

Branches:
Dungeon (4/15)
 Temple: D:4-7

Altars:
Nemelex Xobeh


Innate Abilities, Weirdness & Mutations

You are resistant to torment.
Your stone body is resilient. (AC +4)
You are immune to poison.
You resist negative energy. (rN+)
You are resistant to electric shocks. (rElec)
You can survive without breathing.
You are immune to petrification.
You are immune to rotting.


Message History

a +0 dagger; an orc skeleton
Found 14 bolts.
You see here 14 bolts.
Some of the chunks of flesh in your inventory have rotted away.
You now have 149 gold pieces (gained 11).
p - 2 scrolls labeled LERGHE ECZUCING (gained 1)
An ogre comes into view. It is wielding a +0 giant club.
The ogre shouts!
The ogre hits you but does no damage.
You closely miss the ogre. You block the ogre's attack. x2
You closely miss the ogre. The ogre hits you with a +0 giant club.
You hit the ogre.
The ogre is moderately wounded.
The ogre hits you with a +0 giant club!
You are too injured to fight recklessly!
Sorry, you're not good enough to have a special ability.
Sorry, you're not good enough to have a special ability.
The ogre hits you with a +0 giant club!!
Ouch! That really hurt!
You die...

#. #.# ####.###### #.#
.........# #.# .
#.......####### #.#
..###.......#....<# #.#
............#.....###.###
......#..........)...(...
......#O###.#......##.##.
........@...#......##.##.
.######.##########.##....
#.# #.####.. #.# #.####..
#.# #....(.. #.# ######.#
##.##### #.# #......#
#####.#
##.###.#######.....#


You could see an ogre.

Vanquished Creatures
  Robin (D:2)
  6 adders
  A worm (D:3)
  4 dart slugs
  3 leopard geckos
  An orc (D:4)
  2 giant cockroaches
  12 goblins
  2 hobgoblins
  2 jackals (D:1)
  5 bats
  9 frilled lizards
  7 kobolds
  13 rats
68 creatures vanquished.

Notes
Turn   | Place    | Note
-------+----------+-------------------------------------------
     0 | D:1      | Fang the Gargoyle Fighter began the quest for the Orb.
     0 | D:1      | Reached XP level 1. HP: 14/14 MP: 1/1
   190 | D:1      | Reached XP level 2. HP: 8/19 MP: 2/2
   638 | D:1      | Reached XP level 3. HP: 18/23 MP: 3/3
   838 | D:2      | Noticed Robin
   855 | D:2      | Killed Robin
   923 | D:2      | Reached XP level 4. HP: 28/29 MP: 4/4
  1689 | D:3      | Reached XP level 5. HP: 30/33 MP: 5/5
  1692 | D:3      | Found a sparkling altar of Nemelex Xobeh.
  2096 | D:4      | Noticed an ogre
  2106 | D:4      | Slain by an ogre

Levels and vault maps discovered:
D:1:      dpeg_arrival_pits, layout_rooms
D:2:      layout_loops_corners, st_stairs_9, grunt_ministairs_10,
          chequers_garden, uniq_robin
D:3:      layout_rooms, overflow_temple_1_default, first_ration
D:4:      layout_loops_cross, okawaru_metal_pillars_1_2, uniq_menkaure

Skill      XL: |  1  2  3  4 |
---------------+-------------+-----
Axes           | 2 |  2.8
Armour         | 4 |  4.2
Fighting       | 4 |  4.2
Shields        | 4 |  4.2

Action                   |  1- 3 |  4- 6 || total
-------------------------+-------+-------++-------
Melee: War axe           |   103 |   131 ||   234
  Eat: Chunk             |       |     4 ||     4
Armor: Scale mail        |    64 |    35 ||    99
       Chain mail        |       |    51 ||    51
Dodge: Dodged            |    28 |    18 ||    46
Block: Shield            |    36 |       ||    36
       Large shield      |    55 |   114 ||   169
